 Dungeon Crawl Stone Soup version 0.26-a0-64-g059e62f (webtiles) character file.

Game seed: 3392725413412715787

3483 thirtiethelement the Slasher (level 9, 0/69 HPs)
             Began as a Demonspawn Abyssal Knight on June 9, 2020.
             Was an Elder of Lugonu.
             Slain by a killer bee (3 damage)
             ... on level 9 of the Dungeon on June 10, 2020.
             The game lasted 00:16:36 (8630 turns).

thirtiethelement the Slasher (DsAK)                 Turns: 8630, Time: 00:16:36

Health: 0/69       AC: 11    Str: 15 (16) XL:     9   Next: 79%
Magic:  10/11      EV: 13    Int: 15 (16) God:    Lugonu [****..]
Gold:   373        SH:  6    Dex:  9 (12) Spells: 10/11 levels left

rFire    . . .     SeeInvis +   a - +2 falchion
rCold    + + +     Gourm    .   n - +2 buckler
rNeg     . . .     Faith    .   F - +1 swamp dragon scales
rPois    +         Spirit   .   (helmet restricted)
rElec    .         Reflect  .   b - scarf {repulsion}
rCorr    .         Harm     .   z - +0 pair of gloves
MR       .....                  o - +0 pair of boots
Stlth    +.........             (no amulet)
HPRegen  0.21/turn              e - ring of protection from cold
MPRegen  0.12/turn              D - ring of see invisible

@: drained, repel missiles
A: antennae 1, clever 1, cold resistance 2, powered by pain 1, sturdy frame 2
a: Depart the Abyss, Bend Space, Banish, Corrupt, Renounce Religion


You were on level 9 of the Dungeon.
You worshipped Lugonu.
Lugonu was greatly pleased with you.
You were very hungry.

You visited 1 branch of the dungeon, and saw 9 of its levels.
You visited the Abyss 1 time.

You collected 373 gold pieces.

Inventory:

Hand Weapons
 a - a +2 falchion (weapon)
 u - a +0 long sword
Missiles
 d - 7 boomerangs (quivered)
Armour
 b - a scarf of repulsion (worn)
 g - a +2 chain mail of cold resistance
 n - a +2 buckler (worn)
 o - a +0 pair of boots (worn)
 v - a +2 cloak
 z - a +0 pair of gloves (worn)
 F - +1 swamp dragon scales (worn)
Jewellery
 e - a ring of protection from cold (left hand)
 h - an uncursed ring of wizardry
 y - an uncursed ring of poison resistance
 D - a ring of see invisible (right hand)
 G - a +6 ring of strength {unknown}
Wands
 r - a wand of acid (3)
 x - a wand of random effects (31)
 C - a wand of iceblast (5)
 H - a wand of digging (9)
Scrolls
 i - 2 scrolls of fog
 j - a scroll of enchant weapon
 A - 5 scrolls of remove curse
 E - 3 scrolls of teleportation
 I - 2 scrolls of identify
 K - a scroll of blinking {unknown}
Potions
 f - 3 potions of curing
 k - a potion of berserk rage {unknown}
 m - a potion of degeneration
 p - a potion of haste {unknown}
 q - 3 potions of might
 s - 2 potions of magic {unknown}
 t - a potion of lignification {unknown}
 w - a potion of cancellation {unknown}
 B - 3 potions of heal wounds {unknown}
 J - a potion of resistance {unknown}
 L - a potion of flight
Comestibles
 c - 11 rations


   Skills:
 + Level 5.8(5.1) Fighting
 + Level 7.8(7.0) Long Blades
 + Level 1.9(1.2) Throwing
 * Level 4.1(3.4) Armour
 + Level 4.2(3.5) Dodging
 + Level 1.3(0.7) Stealth
 - Level 5.1(4.4) Shields
 - Level 1.6(1.0) Spellcasting
 - Level 2.5(1.8) Hexes
 + Level 2.8(2.2) Invocations
 + Level 2.1(1.4) Evocations


You had 10 spell levels left.
You knew the following spells:

 Your Spells              Type           Power        Failure   Level  Hunger
a - Corona                Hex            #......      13%         1    ##.....

Your spell library contained the following spells:

 Spells                   Type           Power        Failure   Level  Hunger
 Animate Skeleton         Necr           N/A          26%         1    ##.....
 Apportation              Tloc           #.....       26%         1    ##.....
 Summon Small Mammal      Summ           #...         26%         1    ##.....


Dungeon Overview and Level Annotations

Branches:
Dungeon (9/15)             Temple (0/1) D:5
   Lair: D:8-11         Orc: D:9-12

Altars:
Ashenzari
Dithmenos
Fedhas
Hepliaklqana
Nemelex Xobeh
Okawaru
Zin


Innate Abilities, Weirdness & Mutations

You have a pair of small antennae on your head.
Your flesh is very cold resistant. (rC++)
You sometimes gain a little power by taking damage.
Your movements are less encumbered by armour. (ER -4)
Your mind is acute. (Int +2)


Message History

A killer bee comes into view.
The killer bee buzzes angrily.
The killer bee barely misses you. The killer bee closely misses you.
Items here: )) †† a +0 flail; a +0 hand axe; an orc corpse; a leopard gecko corpse The killer bee stings you but does no damage.
The killer bee closely misses you.
The killer bee stings you but does no damage.
Space bends around you!
You blink.
The orc warrior hits you with a +0 scimitar!
* * * LOW HITPOINT WARNING * * *
It was a potion of degeneration.
There was something very wrong with that liquid.
You feel weakened.
You feel dopey.
You feel clumsy.
The orc warrior hits you with a +0 scimitar.
* * * LOW HITPOINT WARNING * * *
The steam dragon bites you.
* * * LOW HITPOINT WARNING * * *
The steam dragon closely misses you. The killer bee stings you.
You die...

....... ##..#..#....
.......##...#.....<.
..................?.
........≈...........
......†.#<.>........
..........)........
........).yy...###.
....≈.#♣)Y#oW.##
...≈...≈≈≈y@D.#
.....♣.♣≈♣..≈....#
....≈.≈.≈≈♣.≈..###
....≈≈≈≈#≈.≈......
.≈♣≈≈≈.≈.≈..####
.♣..≈♣.≈.≈.##
......≈.≈≈≈#
#≈..≈.#≈.≈≈#


You could see a hungry ghost, a steam dragon, an orc warrior, a sky beast and 3
killer bees.

Vanquished Creatures
  Pikel (D:6)
  Maggie (D:6)
  A gargoyle (D:6)
  A hornet (D:8)
  A hippogriff (D:7)
  Menkaure (D:6)
  2 ice beasts
  5 centaurs
  2 ogres
  2 bullfrogs
  A gnoll sergeant (D:7)
  A wyvern zombie (D:7)
  A scorpion (D:6)
  A crimson imp (D:5)
  3 orc priests
  A bullfrog zombie (D:7)
  3 hounds
  2 jellies
  A gnoll shaman (D:4)
  Ijyb (D:3)
  Terence (D:2)
  2 iguanas
  4 orc wizards
  3 worker ants
  Robin (D:2)
  10 gnolls
  10 adders
  A howler monkey skeleton (D:7)
  A shadow imp (D:5)
  3 oozes
  2 worms (D:2)
  3 leopard geckos
  8 orcs
  7 giant cockroaches
  15 hobgoblins
  12 jackals
  5 kobolds
  4 quokkas
  2 ball pythons (D:4)
  9 bats
  4 frilled lizards
  7 goblins
  A jackal skeleton (D:6)
  A leopard gecko skeleton (D:7)
  5 rats
153 creatures vanquished.

Vanquished Creatures (others)
  A crimson imp (D:6)
  An orc (D:6)
2 creatures vanquished.

Grand Total: 155 creatures vanquished

Notes
Turn   | Place    | Note
-------+----------+-------------------------------------------
     0 | Abyss:1  | thirtiethelement the Demonspawn Abyssal Knight began the
                  | quest for the Orb.
     0 | Abyss:1  | Reached XP level 1. HP: 18/18 MP: 2/2
    61 | Abyss:2  | Noticed a rust devil
    67 | Abyss:2  | Noticed a frost giant simulacrum
    85 | Abyss:2  | Noticed a chaos spawn
    90 | Abyss:2  | Noticed a starcursed mass
    90 | Abyss:2  | Noticed a tentacled starspawn
    91 | D:1      | Escaped the Abyss
    92 | D:1      | Upgraded the game from 0.26-a0-61-g6c07f0e to
                  | 0.26-a0-64-g059e62f
   302 | D:1      | Reached * piety under Lugonu
   347 | D:1      | Reached skill level 2 in Long Blades
   347 | D:1      | Gained mutation: Your movements are slightly less
                  | encumbered by armour. (ER -2) [demonic ancestry]
   347 | D:1      | Reached XP level 2. HP: 23/24 MP: 4/4
   459 | D:1      | Reached skill level 1 in Dodging
   762 | D:2      | Gained mutation: Your movements are less encumbered by
                  | armour. (ER -4) [demonic ancestry]
   762 | D:2      | Reached XP level 3. HP: 29/29 MP: 5/5
   771 | D:2      | Noticed Terence
   807 | D:2      | Killed Terence
  1101 | D:2      | Reached XP level 4. HP: 29/37 MP: 6/6
  1241 | D:2      | Noticed Robin
  1261 | D:1      | Reached ** piety under Lugonu
  1265 | D:1      | Reached skill level 3 in Long Blades
  1439 | D:2      | Killed Robin
  2137 | D:3      | Noticed Ijyb
  2148 | D:3      | Killed Ijyb
  2148 | D:3      | Reached skill level 1 in Shields
  2148 | D:3      | Reached XP level 5. HP: 41/42 MP: 7/7
  2261 | D:3      | Found an iron altar of Okawaru.
  2687 | D:4      | Found a glowing silver altar of Zin.
  2687 | D:4      | Noticed an angel
  2728 | D:4      | Reached skill level 4 in Long Blades
  2856 | D:4      | Reached XP level 6. HP: 34/48 MP: 8/8
  3629 | D:4      | Reached skill level 5 in Long Blades
  3629 | D:4      | Gained mutation: You sometimes gain a little power by
                  | taking damage. [demonic ancestry]
  3629 | D:4      | Reached XP level 7. HP: 54/54 MP: 9/9
  3666 | D:4      | Reached *** piety under Lugonu
  3836 | D:5      | Entered Level 5 of the Dungeon
  3858 | D:5      | Found a staircase to the Ecumenical Temple.
  3898 | D:5      | Learned a level 1 spell: Corona
  4404 | D:6      | Found a shattered altar of Ashenzari.
  4432 | D:6      | Reached skill level 1 in Hexes
  4788 | D:6      | Noticed Pikel
  4824 | D:6      | Killed Pikel
  4824 | D:6      | Reached skill level 1 in Spellcasting
  4824 | D:6      | Gained mutation: Your flesh is cold resistant. (rC+)
                  | [demonic ancestry]
  4824 | D:6      | Reached XP level 8. HP: 48/61 MP: 10/10
  4899 | D:6      | Noticed Maggie
  4904 | D:6      | Killed Maggie
  4904 | D:6      | Reached skill level 6 in Long Blades
  4956 | D:6      | Noticed Menkaure
  4968 | D:6      | Killed Menkaure
  4968 | D:6      | Reached skill level 1 in Throwing
  5153 | D:6      | Noticed a gargoyle
  5176 | D:6      | Killed a gargoyle
  5176 | D:6      | Gained mutation: You have a pair of small antennae on your
                  | head. [demonic ancestry]
  5176 | D:6      | Reached XP level 9. HP: 24/66 MP: 11/11
  5502 | D:6      | Reached skill level 1 in Stealth
  5518 | D:6      | Reached skill level 1 in Evocations
  5884 | D:7      | Found a hazy altar of Hepliaklqana.
  5884 | D:7      | Found a blossoming altar of Fedhas.
  5946 | D:7      | Reached skill level 7 in Long Blades
  6060 | D:7      | Reached skill level 5 in Fighting
  6812 | D:8      | Reached **** piety under Lugonu
  6957 | D:8      | Reached skill level 5 in Shields
  8390 | D:8      | Found a sparkling altar of Nemelex Xobeh.
  8402 | D:8      | Found a shadowy altar of Dithmenos.
  8480 | D:8      | Gained mutation: Armour fits poorly on your strangely
                  | shaped body. [potion of mutation]
  8480 | D:8      | Gained mutation: You expend magic power (3 MP) to
                  | strengthen your wands. [potion of mutation]
  8481 | D:8      | Lost mutation: Armour fits poorly on your strangely shaped
                  | body. [potion of mutation]
  8481 | D:8      | Lost mutation: You expend magic power (3 MP) to strengthen
                  | your wands. [potion of mutation]
  8481 | D:8      | Gained mutation: You are frail. (-10% HP) [potion of
                  | mutation]
  8481 | D:8      | Gained mutation: You are dopey. (Int -2) [potion of
                  | mutation]
  8481 | D:8      | Gained mutation: Your flesh is very cold resistant. (rC++)
                  | [potion of mutation]
  8483 | D:8      | Lost mutation: You are dopey. (Int -2) [potion of mutation]
  8483 | D:8      | Lost mutation: You are frail. (-10% HP) [potion of
                  | mutation]
  8483 | D:8      | Gained mutation: You are frail. (-10% HP) [potion of
                  | mutation]
  8483 | D:8      | Gained mutation: Your mind is acute. (Int +2) [potion of
                  | mutation]
  8483 | D:8      | Lost mutation: You are frail. (-10% HP) [potion of
                  | mutation]
  8630 | D:9      | HP: 3/69 [steam dragon (1)]
  8630 | D:9      | Slain by a killer bee

Illustrated notes

Levels and vault maps discovered:
D:1:      minmay_arrival_shattered_statue, layout_basic, serial_glass,
          glass_columns_a, glass_columns_a
D:2:      layout_rooms, first_ration, uniq_robin, uniq_terence
D:3:      layout_loops_cross, okawaru_metal_pillars_1_2, uniq_ijyb
D:4:      minmay_thick_lines, layout_loops_ring, zin_angel
D:5:      layout_rooms, minmay_temple_entry_offerings, serial_curves,
          eino_curves_02, eino_curves_02, interstate_on_off
D:6:      layout_rooms, basic_altar, st_stairs_12, uniq_menkaure, uniq_maggie,
          uniq_pikel
D:7:      layout_basic, gammafunk_temple_overflow_statue
D:8:      layout_layer_cave, amethyst_overflow_temple_binary
D:9:      layout_rooms, david_orc_4, serial_rivers,
          chequers_serial_rivers_micro_e, chequers_serial_rivers_marsh,
          chequers_serial_rivers_marsh, chequers_serial_rivers_micro_b,
          blue_anna_alchemist [blue_anna_fruit_fields, blue_anna_fruit_fields],
          serial_bayou_pond_d

Skill      XL: |  1  2  3  4  5  6  7  8  9 |
---------------+----------------------------+-----
Long Blades    | 2 3 4 5 6 7 |  7.8
Dodging        | 1 2 3 4 |  4.2
Armour         | 2 3 4 |  4.1
Shields        | 1 3 4 5 |  5.1
Fighting       | 4 5 |  5.8
Hexes          | 2 |  2.5
Spellcasting   | 1 |  1.6
Throwing       | 1 |  1.9
Stealth        | 1 |  1.3
Evocations     | 2 |  2.1
Invocations    | |  2.8

Action                   |  1- 3 |  4- 6 |  7- 9 || total
-------------------------+-------+-------+-------++-------
Melee: Falchion          |    89 |   172 |   430 ||   691
Throw: Boomerang         |       |       |    28 ||    28
Invok: Depart the Abyss  |     1 |       |       ||     1
       Bend Space        |       |       |     2 ||     2
Evoke: Wand              |       |       |     9 ||     9
  Use: Scroll            |     3 |     5 |     6 ||    14
       Potion            |       |       |     7 ||     7
 Stab: Sleeping          |       |       |     1 ||     1
  Eat: Chunk             |       |     9 |    11 ||    20
       Ration            |       |       |     5 ||     5
Armor: Chain mail        |    66 |   102 |    75 ||   243
       Swamp dragon scal |       |       |   122 ||   122
Dodge: Dodged            |    39 |    75 |   231 ||   345
       Repelled          |       |       |     1 ||     1
Block: Buckler           |    22 |    58 |   161 ||   241
       Rpst.: Falchion   |    10 |    22 |    79 ||   111

Table legend:
 A = Non-vault XP
 B = Vault XP
 C = Vault XP percentage of total XP
 D = Non-vault monster count
 E = Vault monster count
 F = Vault count percentage of total count
                 A         B        C        D         E       F
            +---------+---------+-------+---------+---------+-------
      Total |    3213 |    1763 |  35.4 |     130 |      23 |  15.0
            +---------+---------+-------+---------+---------+-------
        D:1 |      36 |       6 |  14.3 |      20 |       3 |  13.0
        D:2 |      62 |      65 |  51.2 |      18 |       9 |  33.3
        D:3 |      60 |      36 |  37.5 |      13 |       1 |   7.1
        D:4 |     217 |     321 |  59.7 |      11 |       6 |  35.3
        D:5 |     155 |       0 |   0.0 |      16 |       0 |   0.0
        D:6 |     919 |    1335 |  59.2 |       9 |       4 |  30.8
        D:7 |     888 |       0 |   0.0 |      21 |       0 |   0.0
        D:8 |     634 |       0 |   0.0 |      13 |       0 |   0.0
        D:9 |     242 |       0 |   0.0 |       9 |       0 |   0.0
            +---------+---------+-------+---------+---------+-------
